 Dungeon Crawl Stone Soup version 0.18.1-47-g9310371 (webtiles) character file.

188 matakusis the Grave Robber (level 5, -3/35 HPs)
             Began as a Demonspawn Necromancer on June 16, 2016.
             Killed from afar by Natasha (5 damage)
             ... with a magic dart
             ... on level 4 of the Dungeon on June 17, 2016.
             The game lasted 00:12:46 (2545 turns).

matakusis the Grave Robber (Demonspawn Necromancer) Turns: 2545, Time: 00:12:47

Health: -3/35      AC:  4    Str:  9    XL:     5   Next: 39%
Magic:  3/11       EV: 12    Int: 17    God:
Gold:   95         SH:  0    Dex: 13    Spells: 3 memorised, 6 levels left

rFire  . . .     SeeInvis +     h - +1 short sword
rCold  + . .     Gourm    .     a - +0 robe
rNeg   . . .     Faith    .     (no shield)
rPois  .         Spirit   .     (no helmet)
rElec  .         Dismiss  .     (no cloak)
rCorr  .         Reflect  .     (no gloves)
SustAt .         Harm     .     (no boots)
MR     .....                    (no amulet)
Stlth  ++........               (no ring)
                                o - ring of see invisible

@: not resistant to hostile enchantments, unstealthy
A: talons 2, yellow scales 1, cold resistance 1
a: no special abilities


You were on level 4 of the Dungeon.
You were not hungry.

You visited 1 branch of the dungeon, and saw 4 of its levels.

You collected 95 gold pieces.

Inventory:

Hand Weapons
 h - a +1 short sword (weapon)
Armour
 a - a +0 robe (worn)
Jewellery
 o - a ring of see invisible (left hand)
Scrolls
 j - 2 scrolls of fear
 k - a scroll of amnesia
Potions
 d - a potion of magic
 e - a potion of flight
 i - a potion of curing {unknown}
Books
 b - a book of Necromancy

   Spells                             Type                      Level
   a - Pain                           Necromancy                   1
   b - Animate Skeleton               Necromancy                   1
   c - Vampiric Draining              Necromancy                   3
   d - Regeneration                   Charms/Necromancy            3
   e - Animate Dead                   Necromancy                   4
   f - Control Undead                 Necromancy                   4
Comestibles
 c - 2 bread rations
 f - 2 meat rations


   Skills:
 - Level 1.7 Dodging
 - Level 1.7 Stealth
 + Level 4.1 Spellcasting
 + Level 5.9 Necromancy


You had 6 spell levels left.
You knew the following spells:

 Your Spells              Type           Power        Failure   Level  Hunger
a - Pain                  Necr           ###.         1%          1    None
b - Animate Skeleton      Necr           N/A          1%          1    None
c - Animate Dead          Necr           N/A          17%         4    ####...


Dungeon Overview and Level Annotations

Branches:
Dungeon (4/15)
 Temple: D:4-7

Altars:
Nemelex Xobeh

Annotations:
D:4 Natasha


Innate Abilities, Weirdness & Mutations

You have razor-sharp toenails.
You are partially covered in yellow scales (AC +2).
Your flesh is cold resistant.


Message History

Aiming: Pain
Press: ? - help, Shift-Dir - straight line, f/p - Natasha
Aim: Natasha (heavily wounded, chance to defeat MR: 83%) Natasha convulses in agony!
Natasha claws you but does no damage.
You puncture Natasha!
You kill Natasha!
Natasha screams in pain as she dies!
Your Spellcasting skill increases to level 4!
Items here: ) [ ††† a flail; a leather armour; the felid corpse of Natasha; a jackal corpse an orc corpse You start resting.
Natasha, Servant of Life and Death comes into view.
Natasha casts a spell.
Natasha casts a spell at you. The magic dart hits you!
* * * LOW HITPOINT WARNING * * *
Natasha casts a spell at you. The magic dart hits you!
You die...

#### #.. ..#.####
##.###........ .
#.@..........# ..
#.###+###....##.
#.# #h..... .
##.###.###)...##...
#..+.._###.........
#..# #.)..#### #.h#
#.##....#
#..###+###..#.##.#
#.......h.....#


You could see Natasha.

Vanquished Creatures
  Natasha (twice) (D:4)
  2 gnolls (D:3)
  2 adders (D:3)
  An ooze (D:1)
  An adder skeleton (D:4)
  3 worms (D:2)
  3 dart slugs
  An orc (D:4)
  5 bats
  2 giant cockroaches
  7 goblins
  8 hobgoblins
  3 jackals (D:4)
  9 kobolds
  3 quokkas
  3 ball pythons (D:2)
  A giant newt (D:3)
  11 rats
67 creatures vanquished.

Vanquished Creatures (collateral kills)
  A gnoll (D:3)
  An adder (D:3)
  An ooze (D:1)
3 creatures vanquished.

Grand Total: 70 creatures vanquished

Notes
Turn   | Place    | Note
--------------------------------------------------------------
     0 | D:1      | matakusis the Demonspawn Necromancer began the quest for the Orb.
     0 | D:1      | Reached XP level 1. HP: 13/13 MP: 3/3
     2 | D:1      | Learned a level 1 spell: Animate Skeleton
   141 | D:1      | Gained mutation: You are partially covered in yellow scales (AC +2). [demonic ancestry]
   141 | D:1      | Reached XP level 2. HP: 6/19 MP: 0/5
   414 | D:1      | Reached skill level 5 in Necromancy
   585 | D:1      | Gained mutation: You have sharp toenails. [demonic ancestry]
   585 | D:1      | Reached XP level 3. HP: 15/24 MP: 2/7
  1625 | D:3      | Gained mutation: Your flesh is cold resistant. [demonic ancestry]
  1625 | D:3      | Reached XP level 4. HP: 24/30 MP: 1/8
  1723 | D:3      | Learned a level 4 spell: Animate Dead
  2492 | D:4      | Gained mutation: You have razor-sharp toenails. [demonic ancestry]
  2492 | D:4      | Reached XP level 5. HP: 28/35 MP: 2/10
  2493 | D:4      | Noticed Natasha
  2501 | D:4      | Killed Natasha
  2502 | D:4      | Found a sparkling altar of Nemelex Xobeh.
  2516 | D:4      | Noticed Natasha
  2526 | D:4      | Killed Natasha
  2529 | D:4      | Noticed Natasha
  2545 | D:4      | Killed from afar by Natasha

Skill      XL: |  1  2  3  4  5 |
---------------+----------------+-----
Necromancy     | 5 |  5.9
Spellcasting   | 3 4 |  4.1
Dodging        | |  1.7
Stealth        | |  1.7

Action                   |  1- 3 |  4- 6 || total
-------------------------+-------+-------++-------
Melee: Unarmed           |     4 |       ||     4
       Short sword       |    16 |    21 ||    37
       Kick              |     1 |     3 ||     4
 Cast: Pain              |    88 |    43 ||   131
       Animate Skeleton  |    11 |     2 ||    13
       Animate Dead      |       |     6 ||     6
  Use: Scroll            |     6 |     1 ||     7
       Potion            |     2 |       ||     2
 Stab: Sleeping          |     1 |     1 ||     2
  Eat: Chunk             |     3 |     4 ||     7
Armor: Robe              |     4 |    12 ||    16
Dodge: Dodged            |    21 |    20 ||    41
